 Dungeon Crawl Stone Soup version 0.27-a0-972-gd1521fd518 (webtiles) character file.

Game seed: 13242500671742979877

23 tardwrangler69 the Digger (level 2, -3/20 HPs)
             Began as a Draconian Earth Elementalist on Apr 13, 2021.
             Succumbed to a goblin's poison
             ... on level 2 of the Dungeon.
             The game lasted 00:00:35 (1151 turns).

tardwrangler69 the Digger (DrEE)                    Turns: 1151, Time: 00:00:36

Health: -3/20      AC:  4    Str: 10    XL:     2   Next: 75%
Magic:  5/5        EV: 12    Int: 15    God:
Gold:   12         SH:  0    Dex: 11    Spells: 4/5 levels left

rFire    . . .     SeeInvis .   a - +0 short sword
rCold    . . .     Faith    .   (no shield)
rNeg     . . .     Spirit   .   (armour unavailable)
rPois    .         Reflect  .   (helmet restricted)
rElec    .         Harm     .   (no cloak)
rCorr    .         Rampage  .   (no gloves)
Will     .....                  (no boots)
Stlth    ++........             (no amulet)
HPRegen  0.06/turn              (no ring)
MPRegen  0.09/turn              (no ring)

@: lethally poisoned (-3 -> -24)
A: AC +4, unfitting armour, cold-blooded
a: no special abilities


You were on level 2 of the Dungeon.
You visited 1 branch of the dungeon, and saw 2 of its levels.

You collected 12 gold pieces.

Inventory:

Hand Weapons
 a - a +0 short sword (weapon)
Missiles
 b - 42 stones
Scrolls
 c - a scroll of blinking {unknown}
Potions
 d - a potion of haste {unknown}
 e - a potion of lignification {unknown}


   Skills:
 - Level 1.7 Dodging
 - Level 1.7 Stealth
 + Level 2.4 Spellcasting
 - Level 1.0 Transmutations
 * Level 3.7 Earth Magic


You had 4 spell levels left.
You knew the following spells:

 Your Spells              Type           Power      Damage    Failure   Level
a - Sandblast             Erth           26%        2d8       4%          1

Your spell library contained the following spells:

 Spells                   Type           Power      Damage    Failure   Level
 Passwall                 Tmut/Erth      6%         N/A       12%         2
 Stone Arrow              Conj/Erth      14%        3d7       30%         3
 Petrify                  Tmut/Erth      8%         N/A       63%         4
 Lee's Rapid Deconstruct  Erth           6%         3d7*      77%         5


Dungeon Overview and Level Annotations

Branches:
Dungeon (1/15)

Altars:

Annotations:
D:2 Robin


Innate Abilities, Weirdness & Mutations

Your plain brown scales are hard. (AC +4)
You cannot fit into any form of body armour.
You are cold-blooded and may be slowed by cold attacks.


Message History

A goblin comes into view. It is wielding a +0 club.
The hobgoblin shouts!
A kobold comes into view. It is wielding a +0 short sword.
Robin throws the goblin at you! The goblin closely misses you.
The hobgoblin shouts!
The goblin shouts!
You closely miss the goblin. Robin throws the goblin at you!
The goblin barely misses you.
You hit the goblin.
The goblin is moderately wounded.
The goblin hits you but does no damage.
The hobgoblin hits you but does no damage.
The goblin hits you but does no damage. The goblin hits you with a +0 club.
You hit the goblin.
The goblin is heavily wounded.
The hobgoblin closely misses you. The goblin hits you but does no damage.
The goblin hits you with a +0 club. The goblin closely misses you.
You hit the goblin.
You kill the goblin!
The hobgoblin barely misses you. The goblin closely misses you.
Robin throws the goblin at you!
You barely miss the goblin.
Your tail-slap misses the goblin.
The goblin hits you with a +0 club. The hobgoblin completely misses you.
The goblin barely misses you. The goblin hits you but does no damage.
You hit the goblin.
You kill the goblin!
The hobgoblin hits you. The goblin barely misses you.
The goblin closely misses you. Robin throws the goblin at you!
The goblin hits you but does no damage.
You hit the goblin but do no damage. The goblin closely misses you. x2
The hobgoblin misses you.
The goblin hits you with a +3 dagger of venom.
You are poisoned.
The goblin barely misses you.
You feel sick.
The goblin hits you with a +3 dagger of venom.
* * * LOW HITPOINT WARNING * * *
You are more poisoned.
Things that are here:
a +0 club; a goblin corpse You die...

. ...########### #######
.............####......
#.............####
...#####@#####.####.#####
.......)gg# #.########..
#.######g.# #...........
#gg# ############


ggg# .gK.. ##..... ......# #.....# You could see Robin, 4 hobgoblins, 4 goblins
and a kobold.

Vanquished Creatures
  An adder (D:2)
  2 worms (D:2)
  An endoplasm (D:2)
  2 goblins (D:2)
  A kobold (D:1)
  2 frilled lizards
  A rat (D:2)
10 creatures vanquished.

Notes
Turn   | Place    | Note
-------+----------+-------------------------------------------
     0 | D:1      | tardwrangler69 the Draconian Earth Elementalist began the
                  | quest for the Orb.
     0 | D:1      | Reached XP level 1. HP: 14/14 MP: 3/3
   260 | D:1      | You fall into a shaft and drop 1 floor!
   270 | D:2      | Reached XP level 2. HP: 9/20 MP: 5/5
  1140 | D:2      | Noticed Robin
  1151 | D:2      | Succumbed to a goblin's poison

Illustrated notes

Levels and vault maps discovered:
D:1:      grunt_arrival_lava_bath, layout_basic, serial_curves, eino_curves_04,
          eino_curves_01
D:2:      layout_loops_ring, chequers_ecumenical_altar_grove, uniq_robin

Action                   || total
-------------------------++-------
Melee: Unarmed           ||    10
       Short sword       ||    28
       Tailslap          ||     2
 Cast: Sandblast         ||     8
 Stab: Sleeping          ||     4
Armor: Skin              ||    18
Dodge: Dodged            ||    29

Table legend: (Time is in decaauts)
 A = Elapsed time spent in this place.
 B = Non-inter-level travel time spent in this place.
 C = Inter-level travel time spent in this place.
 D = Time resting spent in this place.
 E = Time spent auto-exploring this place.
 F = Levels seen in this place.
 G = Mean time per level.
                   A        B        C        D        E       F      G
               +--------+--------+--------+--------+--------+-----+--------+
         Total |   1153 |   1153 |      0 |      0 |   1057 |   2 |  576.5 |
       Dungeon |   1153 |   1153 |      0 |      0 |   1057 |   2 |  576.5 |
               +--------+--------+--------+--------+--------+-----+--------+

Top non-repeatable levels by time:
     D:2: 893 daAuts
     D:1: 259 daAuts
